 Dungeon Crawl Stone Soup version 0.17-a0-1910-g4c791fa (webtiles) character file.

346 GrandHerb the Gusty (level 6, 0/32 HPs)
             Began as a Tengu Air Elementalist on Sept 25, 2015.
             Was an Initiate of Qazlal.
             Slain by a worker ant (6 damage)
             ... on level 6 of the Dungeon.
             The game lasted 00:30:07 (5115 turns).

GrandHerb the Gusty (Tengu Air Elementalist)        Turns: 5115, Time: 00:30:08

Health: 0/32       AC:  4    Str:  8    XL:     6   Next: 59%
Magic:  7/11       EV:  9    Int: 17    God:    Qazlal [......]
Gold:   220        SH:  0    Dex: 15    Spells: 4 memorised, 0 levels left

rFire  . . .     SeeInvis .     k - +0 dagger
rCold  . . .     Clarity  .     v - +1 robe {MR+}
rNeg   . . .     SustAt   .     (no shield)
rPois  .         Gourm    .     (helmet restricted)
rElec  .         Spirit   .     (no cloak)
rCorr  +         Warding  .     y - +0 pair of gloves
rMut   .         Stasis   .     (boots unavailable)
MR     +....                    r - amulet of resist corrosion
Stlth  ++........               (no ring)
                                (no ring)

@: lethally poisoned (0 -> -3), somewhat resistant to hostile enchantments,
unstealthy
A: beak, talons 3, able to fly 1
a: Fly, Renounce Religion


You were on level 6 of the Dungeon.
You worshipped Qazlal.
Qazlal was noncommittal.
You were hungry.

You visited 1 branch of the dungeon, and saw 6 of its levels.

You collected 220 gold pieces.

Inventory:

Hand weapons
 k - a +0 dagger (weapon)
Armour
 v - a +1 robe of magic resistance (worn)
 y - a +0 pair of gloves (worn)
Jewellery
 r - an amulet of resist corrosion (around neck)
Scrolls
 a - 2 scrolls of recharging {unknown}
 d - 3 scrolls of remove curse {unknown}
 e - 4 scrolls of noise {unknown}
 f - a scroll of random uselessness {unknown}
 h - 2 scrolls of blinking {unknown}
 i - 2 scrolls of fog {unknown}
 m - a scroll of enchant weapon {unknown}
 n - a scroll of teleportation {unknown}
 p - a scroll of immolation {unknown}
 q - 2 scrolls of identify {unknown}
 s - a scroll of amnesia {unknown}
 t - a scroll of fear {unknown}
Potions
 j - a potion of haste {unknown}
 l - 2 potions of magic {unknown}
 o - a potion of ambrosia {unknown}
 u - a potion of flight {unknown}
 A - a potion of berserk rage {unknown}
Books
 b - a book of Air

   Spells                             Type                      Level
   a - Shock                          Conjuration/Air              1
   b - Swiftness                      Charms/Air                   2
   c - Repel Missiles                 Charms/Air                   2
   d - Static Discharge               Conjuration/Air              3
   e - Lightning Bolt                 Conjuration/Air              5
 w - a book of Clouds

   Spells                             Type                      Level
   a - Mephitic Cloud                 Conjuration/Poison/Air       3
   b - Conjure Flame                  Conjuration/Fire             3
   c - Poisonous Cloud                Conjuration/Poison/Air       6
   d - Freezing Cloud                 Conjuration/Ice/Air          6
   e - Ring of Flames                 Charms/Fire                  7
 x - a book of Minor Magic

   Spells                             Type                      Level
   a - Magic Dart                     Conjuration                  1
   b - Blink                          Translocation                2
   c - Call Imp                       Summoning                    2
   d - Repel Missiles                 Charms/Air                   2
   e - Slow                           Hexes                        2
   f - Conjure Flame                  Conjuration/Fire             3
   g - Mephitic Cloud                 Conjuration/Poison/Air       3
Comestibles
 c - 3 bread rations
 g - 4 slices of pizza
 z - 4 chunks of flesh


   Skills:
 + Level 3.6 Dodging
 - Level 3.2 Stealth
 + Level 3.3 Spellcasting
 + Level 3.6 Conjurations
 + Level 5.9 Air Magic
 + Level 0.6 Invocations


You couldn't memorise any spells.
You knew the following spells:

 Your Spells              Type           Power        Failure   Level  Hunger
a - Shock                 Conj/Air       ###.         2%          1    None
b - Swiftness             Chrm/Air       ##......     10%         2    ##.....
c - Mephitic Cloud        Conj/Pois/Air  ##......     14%         3    ###....
d - Lightning Bolt        Conj/Air       ###.......   71%         5    ######.


Dungeon Overview and Level Annotations

Branches:
Dungeon (6/15)
 Temple: D:4-7

Altars:
Cheibriados
Dithmenos
Nemelex Xobeh
Qazlal

Annotations:
D:4 Nico3ck's ghost, experienced NaWz
D:5 graki42's ghost, average HOFi


Innate Abilities, Weirdness & Mutations

You have a beak for a mouth.
You have claws for feet.
You can fly.


Message History

You feel sick.
You see here 8 needles of paralysis.
You feel sick.
Graki42's ghost whispers, "There is no future for you."
The worker ant closely misses you.
There is a stone staircase leading down here.
You feel sick. The worker ant bites you!
You climb downwards.
A worm and a centaur come into view.
You are feeling hungry.
Found 13 poisoned needles.
There is a stone staircase leading up here.
The helpless centaur fails to defend itself.
You puncture the centaur! Your kick misses the centaur.
The centaur is moderately wounded.
The centaur barely misses you. The worker ant bites you. The centaur hits you.
* * * LOW HITPOINT WARNING * * *
The worker ant bites you.
You die...

.. #. ..
#. #. # #.
...
#.###.....
#.@a......
#c###.....
#.. ...
#(.. #
#....
...w..
.......
#.##...


You could see a centaur, a worm (sleeping) and a worker ant.

Vanquished Creatures
  An iguana (D:4)
  An orc priest (D:5)
  2 worker ants (D:4)
  An orc wizard (D:4)
  A hound skeleton (D:5)
  5 adders
  4 gnolls (D:3)
  2 oozes (D:1)
  3 worms
  An adder skeleton (D:4)
  5 giant geckos
  16 orcs
  4 giant cockroaches
  5 hobgoblins
  3 jackals (D:2)
  4 kobolds
  3 quokkas
  3 ball pythons
  A ball python skeleton (D:5)
  7 bats
  2 giant gecko skeletons (D:4)
  7 giant newts
  11 goblins
  A quokka zombie (D:5)
  4 rats
97 creatures vanquished.

Notes
Turn   | Place    | Note
--------------------------------------------------------------
     0 | D:1      | GrandHerb the Tengu Air Elementalist began the quest for the Orb.
     0 | D:1      | Reached XP level 1. HP: 10/10 MP: 4/4
   139 | D:1      | Reached XP level 2. HP: 9/15 MP: 0/6
   358 | D:1      | Learned a level 2 spell: Swiftness
   555 | D:1      | Reached XP level 3. HP: 16/19 MP: 7/7
  1470 | D:2      | Reached XP level 4. HP: 17/24 MP: 4/8
  2003 | D:2      | Reached skill level 5 in Air Magic
  2499 | D:3      | Gained mutation: You can fly. [Tengu growth]
  2499 | D:3      | Reached XP level 5. HP: 19/28 MP: 5/10
  3365 | D:4      | Found a shadowy altar of Dithmenos.
  3410 | D:4      | Noticed Nico3ck's ghost (experienced NaWz)
  3529 | D:4      | Reached XP level 6. HP: 9/32 MP: 0/11
  3790 | D:4      | Found a stormy altar of Qazlal.
  3790 | D:4      | Found a sparkling altar of Nemelex Xobeh.
  3990 | D:4      | Became a worshipper of Qazlal Stormbringer
  4443 | D:4      | Found a snail-covered altar of Cheibriados.
  4457 | D:4      | Learned a level 3 spell: Mephitic Cloud
  4463 | D:4      | Learned a level 5 spell: Lightning Bolt
  4659 | D:5      | Entered Level 5 of the Dungeon
  5071 | D:5      | Noticed graki42's ghost (average HOFi)
  5115 | D:6      | Slain by a worker ant

Vault maps used:
D:1:      dpeg_arrival_windows_large_door
D:4:      lemuel_round_altar, gammafunk_temple_overflow_elements,
          nicolae_dithmenos_the_darkroom
D:5:      serial_shops, kennysheep_mini_moat, first_bread
D:6:      minmay_temple_entry_overgrown, minivault_22,
          nicolae_tso_swordbearing_angel

Action                   |  1- 3 |  4- 6 || total
-------------------------+-------+-------++-------
Melee: Unarmed           |    50 |       ||    50
       Dagger            |    21 |   109 ||   130
 Cast: Shock             |    47 |   117 ||   164
       Swiftness         |     1 |     1 ||     2
       Mephitic Cloud    |       |     2 ||     2
 Abil: Fly               |       |     3 ||     3
 Stab: Sleeping          |     5 |     6 ||    11
  Eat: Chunk             |     2 |    11 ||    13
       Pizza             |       |     1 ||     1
